 Dungeon Sprint DCSS version 0.17.1-1-g73c8601 (webtiles) character file.

12875 Nakatomy the Tortoise (level 11, 18/84 HPs)
             Began as a Minotaur Fighter on Dec 26, 2015.
             Was the Champion of Dithmenos.
             Quit the game in the Dungeon (Sprint I: "Red Sonja").
             The game lasted 00:28:39 (3330 turns).

Nakatomy the Tortoise (Minotaur Fighter)            Turns: 3330, Time: 00:28:39

Health: 18/84      AC: 22    Str: 20      XL:     11   Next: 68%
Magic:  1/10       EV:  7    Int:  2 (3)  God:    Dithmenos [******]
Gold:   330        SH: 14    Dex: 14      Spells: 0 memorised, 10 levels left

rFire  . . .     SeeInvis .     a - +1 war axe
rCold  x . .     Rnd*Rage +     m - +10 plate armour "Refymp" {rC- Dex+4}
rNeg   + + +     SustAt   .     c - +0 shield
rPois  ∞         Gourm    .     (helmet restricted)
rElec  .         Spirit   .     (no cloak)
rCorr  .         Warding  .     (no gloves)
rMut   .         NoTele   +     (no boots)
MR     +++++                    (no amulet)
Stlth  ..........               (no ring)
                                d - +3 ring of slaying

@: shadow-form, wreathed by umbra, drained, invisible, immune to hostile
enchantments, extremely unstealthy
A: retaliatory headbutt, horns 2, berserk 1, blurry vision 2, deformed body,
deterioration 2, dopey 1, frail 3, weak 2, subdued magic 2
a: End Transformation, Shadow Step, Shadow Form, Renounce Religion


You were in the Dungeon.
You worshipped Dithmenos.
Dithmenos was exalted by your worship.
You were not hungry.
You were a swirling mass of dark shadows.
You visited 1 branch You collected 1905 gold pieces.
You spent 1575 gold pieces at shops.

Inventory:

Hand Weapons
 a - a +1 war axe (weapon)
Armour
 c - a +0 shield (worn)
 g - a +1 plate armour of magic resistance
 m - the +10 plate armour "Refymp" (worn) {rC- Dex+4}
   (You bought it in a shop in the Dungeon)

   It affects your dexterity (+4).
   It makes you vulnerable to cold.
Jewellery
 d - a +3 ring of slaying (left hand)
Scrolls
 k - a scroll of blinking
Potions
 f - 3 potions of curing
 i - 2 potions of magic
 l - a potion of ambrosia {unknown}
Comestibles
 e - a bread ration


   Skills:
 + Level 18.4(16.9) Fighting
 - Level 14.4(13.0) Axes
 + Level 18.5(17.0) Armour
 + Level 16.4(14.9) Shields


You had 10 spell levels left.
You didn't know any spells.

Dungeon Overview and Level Annotations

Branches:
Dungeon (1/1)

Altars:
Cheibriados
Dithmenos
Elyvilon
Fedhas
Gozag
Kikubaaqudgha
Makhleb
Nemelex Xobeh
Okawaru
Qazlal
Ru
Sif Muna
Trog
Vehumet
Xom
Yredelemnul
Zin
The Shining One
Jiyva

Shops:
D :!([!!**![[(%:*(:[*!


Innate Abilities, Weirdness & Mutations

You reflexively headbutt those who attack you in melee.
You have a pair of horns on your head.
You tend to lose your temper in combat.
Scrolls take you longer to read.
Armour fits poorly on your strangely shaped body.
Your body often deteriorates upon taking damage.
You are dopey. (Int -2)
You are extremely frail (-30% HP).
You are very weak. (Str -4)
Your spells are easier to cast, but less powerful.


Message History

You block the 18-headed hydra's attack.
The 18-headed hydra bites you but does no damage.
You block the 18-headed hydra's attack.
The 18-headed hydra completely misses you.
The 18-headed hydra bites you.
* * * LOW HITPOINT WARNING * * *
You emit a cloud of dark smoke.
You feel drained.
The 18-headed hydra bites you but does no damage. x3
The 18-headed hydra bites you.
* * * LOW HITPOINT WARNING * * *
You emit a cloud of dark smoke.
You feel drained.
The 18-headed hydra bites you but does no damage.
The 18-headed hydra closely misses you.
The 18-headed hydra bites you but does no damage.
The 18-headed hydra barely misses you. x2
The 18-headed hydra bites you but does no damage.
You block the 18-headed hydra's attack.
The 18-headed hydra bites you but does no damage.
Unknown command.
Are you sure you want to abandon this character and quit the game? (Confirm with "yes".)

#############################****
#__#..)...#..#§§WD'§..G§§'G$#,,+,
'..'..#...##!#§####§§§§§##$.+,,*,
#__####...§.§#§#,*##§§§##**##*+*,
####§§#####..'.#+*,###+#,,,**,,*,
#§§§.§#..##+####,,,*,#.#*,,,*,,**
+§§§.§'..#...§§#,,,**#§§###$#,,≈*
#≈§≈.§#..#....§+,,,,,##§#A#$#,,≈,
##§#####'###..§#,,,,,*,§###$#,,≈,
#)§§§#*#.'.#.§§#**++**,##..$#,,≈*


You could see a 18-headed hydra.

Vanquished Creatures
  2 centaur warriors (D)
  Sonja (D)
  A deep troll (D)
  2 unseen horrors (D)
  A lindwurm (D)
  An oklob plant (D)
  8 shining eyes (D)
  A gargoyle (D)
  2 kobold demonologists (D)
  4 demonic crawlers (D)
  A slime creature (D)
  4 trapdoor spiders (D)
  Sigmund (D)
  13 hogs (D)
  A yak (D)
  An ogre (D)
  A wasp (D)
  7 necrophages (D)
  8 jellies (D)
  Ijyb (D)
  6 giant eyeballs (D)
  A ballistomycete (D)
68 creatures vanquished.

Vanquished Creatures (others)
  A gargoyle (D)
  2 giant spores (D)
3 creatures vanquished.

Grand Total: 71 creatures vanquished

Notes
Turn   | Place    | Note
--------------------------------------------------------------
     0 | D        | Nakatomy the Minotaur Fighter began the quest for the Orb.
     0 | D        | Reached XP level 1. HP: 19/19 MP: 0/0
     1 | D        | Noticed Ijyb
     5 | D        | Killed Ijyb
     5 | D        | Reached skill level 7 in Axes
     5 | D        | Reached XP level 2. HP: 21/26 MP: 1/1
    65 | D        | Noticed an ogre
    72 | D        | Killed an ogre
    72 | D        | Reached skill level 11 in Axes
    72 | D        | Reached XP level 3. HP: 31/31 MP: 2/2
    72 | D        | Reached XP level 4. HP: 39/39 MP: 3/3
   159 | D        | Noticed Sigmund
   165 | D        | Killed Sigmund
   165 | D        | Reached skill level 14 in Axes
   165 | D        | Reached XP level 5. HP: 43/45 MP: 4/4
   165 | D        | Reached XP level 6. HP: 48/51 MP: 5/5
   181 | D        | Found a snail-covered altar of Cheibriados.
   181 | D        | Found a viscous altar of Jiyva.
   181 | D        | Found a shadowy altar of Dithmenos.
   181 | D        | Found a blossoming altar of Fedhas.
   181 | D        | Noticed a slime creature
   184 | D        | Killed a slime creature
   189 | D        | Became a worshipper of Dithmenos the Shadowed
   201 | D        | Noticed a kobold demonologist
   202 | D        | Noticed a kobold demonologist
   205 | D        | Noticed a rust devil
   209 | D        | Killed a kobold demonologist
   209 | D        | Reached XP level 7. HP: 51/70 MP: 6/6
   211 | D        | Paralysed by a giant eyeball for 2 turns
   217 | D        | Noticed a red devil
   231 | D        | Killed a kobold demonologist
   231 | D        | Reached skill level 10 in Fighting
   231 | D        | Reached skill level 10 in Armour
   234 | D        | Reached * piety under Dithmenos
   496 | D        | Found a deep blue altar of Sif Muna.
   496 | D        | Noticed a jelly
   501 | D        | Killed a jelly
   502 | D        | Found a radiant altar of Vehumet.
   525 | D        | Found Povvy's Antique Armour Emporium.
   525 | D        | Found a white marble altar of Elyvilon.
   525 | D        | Found a stormy altar of Qazlal.
   525 | D        | Found a burning altar of Makhleb.
   525 | D        | Found a sacrificial altar of Ru.
   525 | D        | Found a basalt altar of Yredelemnul.
   525 | D        | Found a glowing golden altar of the Shining One.
   525 | D        | Found a sparkling altar of Nemelex Xobeh.
   525 | D        | Found a shimmering altar of Xom.
   525 | D        | Found an opulent altar of Gozag.
   525 | D        | Found an ancient bone altar of Kikubaaqudgha.
   525 | D        | Found a glowing silver altar of Zin.
   525 | D        | Noticed a yak
   531 | D        | Killed a yak
   531 | D        | Reached XP level 8. HP: 72/82 MP: 7/7
   532 | D        | Found an iron altar of Okawaru.
   533 | D        | Found a bloodstained altar of Trog.
   550 | D        | Noticed a centaur warrior
   590 | D        | Noticed Sonja
   603 | D        | Killed Sonja
   804 | D        | Paralysed by a giant eyeball for 3 turns
   823 | D        | Reached ** piety under Dithmenos
   825 | D        | Found Waer's Book Boutique.
   825 | D        | Noticed a shining eye
   825 | D        | Noticed a shining eye
   825 | D        | Gained mutation: You expend magic power (3 MP) to strengthen your wands. [a shining eye]
   863 | D        | Noticed a demonic crawler
   863 | D        | Noticed a demonic crawler
   863 | D        | Noticed a demonic crawler
   863 | D        | Noticed a demonic crawler
  1210 | D        | Noticed a shining eye
  1210 | D        | Gained mutation: Your body sometimes deteriorates upon taking damage. [a shining eye]
  1210 | D        | Paralysed by a giant eyeball for 2 turns
  1236 | D        | Killed a gargoyle
  1239 | D        | Noticed a deep troll
  1247 | D        | Killed a deep troll
  1247 | D        | Reached XP level 9. HP: 58/93 MP: 8/8
  1274 | D        | Bought a shiny plate armour for 506 gold pieces
  1420 | D        | Noticed a centaur warrior
  1435 | D        | Killed a centaur warrior
  1435 | D        | Reached skill level 10 in Shields
  1441 | D        | Killed a centaur warrior
  1708 | D        | Noticed a wasp
  1719 | D        | Killed a wasp
  1719 | D        | Reached *** piety under Dithmenos
  1734 | D        | Noticed an oklob plant
  1744 | D        | Killed an oklob plant
  1744 | D        | Reached XP level 10. HP: 61/104 MP: 9/9
  1909 | D        | Noticed a trapdoor spider
  1912 | D        | Killed a trapdoor spider
  1922 | D        | Noticed a trapdoor spider
  1925 | D        | Noticed a trapdoor spider
  1925 | D        | Killed a trapdoor spider
  1939 | D        | Noticed a trapdoor spider
  1939 | D        | Killed a trapdoor spider
  1939 | D        | Reached skill level 15 in Fighting
  1939 | D        | Reached skill level 15 in Armour
  1947 | D        | Killed a trapdoor spider
  1947 | D        | Reached **** piety under Dithmenos
  2053 | D        | Killed an unseen horror
  2113 | D        | Killed an unseen horror
  2276 | D        | Noticed a jelly
  2276 | D        | Noticed a jelly
  2276 | D        | Noticed a jelly
  2276 | D        | Noticed a jelly
  2276 | D        | Noticed a jelly
  2276 | D        | Noticed a jelly
  2276 | D        | Noticed a necrophage
  2276 | D        | Noticed a necrophage
  2285 | D        | Killed a jelly
  2286 | D        | Killed a jelly
  2289 | D        | Killed a jelly
  2290 | D        | Killed a jelly
  2290 | D        | Reached ***** piety under Dithmenos
  2292 | D        | Killed a jelly
  2297 | D        | Killed a necrophage
  2349 | D        | Killed a jelly
  2365 | D        | Noticed a jelly
  2366 | D        | Killed a jelly
  2370 | D        | Killed a necrophage
  2371 | D        | Found Hecemosuss's Assorted Antiques.
  2371 | D        | Noticed a necrophage
  2371 | D        | Noticed a necrophage
  2371 | D        | Noticed a necrophage
  2385 | D        | Killed a necrophage
  2385 | D        | Reached skill level 16 in Fighting
  2389 | D        | Killed a necrophage
  2390 | D        | Killed a necrophage
  2396 | D        | Noticed a necrophage
  2399 | D        | Found Ynozof's Distillery.
  2399 | D        | Noticed a necrophage
  2405 | D        | Killed a necrophage
  2407 | D        | Found Edobaah's Assorted Antiques.
  2411 | D        | Killed a necrophage
  2431 | D        | Found Wukkidayt's Armour Emporium.
  2431 | D        | Found Quajud's Antique Armour Shop.
  2431 | D        | Found Woururax's Weapon Shoppe.
  2431 | D        | Found Siudew's Food Boutique.
  2431 | D        | Found Ucomoaj's Book Emporium.
  2431 | D        | Found Lopoes's Assorted Antiques.
  2431 | D        | Found Goubibb's Weapon Shoppe.
  2435 | D        | Found Fuuh's Book Boutique.
  2436 | D        | Found Soukag's Assorted Antiques.
  2436 | D        | Found Ycautula's Armour Boutique.
  2437 | D        | Found Utillao's Distillery.
  2456 | D        | Bought a steaming plate armour for 616 gold pieces
  2466 | D        | Identified the +10 plate armour "Refymp" {rC- Dex+4} (You bought it in a shop in the Dungeon)
  2471 | D        | Bought a potion of curing for 33 gold pieces
  2514 | D        | Gained mutation: Armour fits poorly on your strangely shaped body. [a shining eye]
  2586 | D        | Killed a demonic crawler
  2586 | D        | Reached ****** piety under Dithmenos
  2591 | D        | Killed a demonic crawler
  2601 | D        | Killed a demonic crawler
  2638 | D        | Killed a demonic crawler
  2706 | D        | Noticed a gargoyle
  2718 | D        | Killed a gargoyle
  2718 | D        | Reached XP level 11. HP: 110/116 MP: 10/10
  2764 | D        | Noticed a lindwurm
  2778 | D        | Killed a lindwurm
  2869 | D        | Noticed a hog
  2869 | D        | Noticed a hog
  2869 | D        | Noticed a hog
  2869 | D        | Noticed a hog
  2869 | D        | Noticed a hog
  2869 | D        | Noticed a hog
  2873 | D        | Killed a hog
  2873 | D        | Reached skill level 17 in Armour
  2875 | D        | Killed a hog
  2876 | D        | Noticed a hog
  2877 | D        | Killed a hog
  2879 | D        | Killed a hog
  2883 | D        | Noticed a hog
  2883 | D        | Noticed a hog
  2883 | D        | Noticed a hog
  2883 | D        | Noticed a hog
  2883 | D        | Noticed a hog
  2884 | D        | Noticed a hog
  2887 | D        | Killed a hog
  2891 | D        | Killed a hog
  2894 | D        | Killed a hog
  2918 | D        | Killed a hog
  2918 | D        | Reached skill level 15 in Shields
  2923 | D        | Killed a hog
  2998 | D        | Killed a hog
  3010 | D        | Killed a hog
  3013 | D        | Killed a hog
  3015 | D        | Killed a hog
  3168 | D        | Gained mutation: You are frail (-10% HP). [a shining eye]
  3169 | D        | Gained mutation: You are very frail (-20% HP). [a shining eye]
  3179 | D        | Gained mutation: Scrolls take you a little longer to read. [a shining eye]
  3182 | D        | Killed a shining eye
  3183 | D        | Gained mutation: Scrolls take you longer to read. [a shining eye]
  3188 | D        | Killed a shining eye
  3192 | D        | Gained mutation: You are extremely frail (-30% HP). [a shining eye]
  3193 | D        | Gained mutation: You are weak. (Str -2) [a shining eye]
  3194 | D        | Noticed a shining eye
  3194 | D        | Noticed a shining eye
  3194 | D        | Noticed a shining eye
  3194 | D        | Gained mutation: Your spells are a little easier to cast, but a little less powerful. [a shining eye]
  3198 | D        | Gained mutation: Your spells are easier to cast, but less powerful. [a shining eye]
  3198 | D        | Paralysed by a giant eyeball for 3 turns
  3199 | D        | Gained mutation: You are dopey. (Int -2) [a shining eye]
  3201 | D        | Gained mutation: Your magical capacity is low (-10% MP). [a shining eye]
  3201 | D        | Gained mutation: You are very weak. (Str -4) [a shining eye]
  3202 | D        | Gained mutation: Your body often deteriorates upon taking damage. [a shining eye]
  3203 | D        | Killed a shining eye
  3203 | D        | Gained mutation: You tend to lose your temper in combat. [a shining eye]
  3205 | D        | Killed a shining eye
  3205 | D        | Reached skill level 18 in Fighting
  3207 | D        | Killed a shining eye
  3208 | D        | Gained mutation: Scrolls take you much longer to read. [a shining eye]
  3211 | D        | Killed a shining eye
  3212 | D        | Noticed a shining eye
  3212 | D        | Noticed a shining eye
  3215 | D        | Paralysed by a giant eyeball for 4 turns
  3222 | D        | Killed a shining eye
  3226 | D        | Killed a shining eye
  3234 | D        | Found Ussumeud's Distillery.
  3234 | D        | Found Viabburo's Distillery.
  3234 | D        | Found Igrufy's Distillery.
  3234 | D        | Found Hiofuisch's Weapon Emporium.
  3240 | D        | Bought a potion of cure mutation for 420 gold pieces
  3251 | D        | Lost mutation: Scrolls take you much longer to read. [potion of cure mutation]
  3251 | D        | Lost mutation: You expend magic power (3 MP) to strengthen your wands. [potion of cure mutation]
  3251 | D        | Lost mutation: Your magical capacity is low (-10% MP). [potion of cure mutation]
  3302 | D        | Noticed a daeva
  3310 | D        | Noticed a 12-headed hydra
  3330 | D        | Quit the game

Action                   |  1- 3 |  4- 6 |  7- 9 | 10-12 || total
-------------------------+-------+-------+-------+-------++-------
Melee: War axe           |     9 |    10 |    80 |   224 ||   323
Invok: Shadow Form       |       |       |       |     1 ||     1
  Use: Potion            |     1 |     1 |     2 |     2 ||     6
       Scroll            |       |       |       |     3 ||     3
 Stab: Invisible         |       |       |       |     1 ||     1
  Eat: Bread ration      |       |       |     1 |     1 ||     2
       Beef jerky        |       |       |       |     1 ||     1
